 Dungeon Crawl Stone Soup version 0.19.0-18-g426998a (webtiles) character file.

20504 poirepourri the Basher (level 12, -31/75 HPs)
             Began as a Gargoyle Fighter on Nov 11, 2016.
             Was a High Priest of Makhleb.
             Annihilated by a very large slime creature (46 damage)
             ... on level 12 of the Dungeon.
             The game lasted 00:18:54 (16491 turns).

poirepourri the Basher (Gargoyle Fighter)          Turns: 16491, Time: 00:18:55

Health: -31/75     AC: 22    Str: 23    XL:     12   Next: 80%
Magic:  12/12      EV: 12    Int:  9    God:    Makhleb [*****.]
Gold:   405        SH: 13    Dex: 11    Spells: 0 memorised, 11 levels left

rFire  . . .     SeeInvis .     s - +7 mace (elec)
rCold  . . .     Gourm    .     b - +0 scale mail
rNeg   + . .     Faith    .     c - +1 shield
rPois  ∞         Spirit   .     u - +2 hat {MR+}
rElec  +         Reflect  .     E - +0 cloak
rCorr  +         Harm     .     T - +0 pair of gloves
MR     +....                    (no boots)
Stlth  +.........               p - amulet of magic regeneration
                                J - ring of stealth
                                i - ring of resist corrosion

@: no status effects
A: negative energy resistance 1, electricity resistance, unbreathing,
petrification resistance, rot immunity, AC +8
a: Minor Destruction, Lesser Servant of Makhleb, Major Destruction, Greater
Servant of Makhleb, Renounce Religion


You were on level 12 of the Dungeon.
You worshipped Makhleb.
Makhleb was extremely pleased with you.
You were not hungry.

You visited 2 branches of the dungeon, and saw 13 of its levels.
You also visited: Ossuary.

You collected 804 gold pieces.
You spent 399 gold pieces at shops.

Inventory:

Hand Weapons
 q - a +3 flail of protection
 s - a +7 mace of electrocution (weapon)
 D - a +0 flail of crushing
Missiles
 t - 3 tomahawks
 w - 3 throwing nets (quivered)
Armour
 b - a +0 scale mail (worn)
 c - a +1 shield (worn)
 u - a +2 hat of magic resistance (worn)
 E - a +0 cloak (worn)
 T - a +0 pair of gloves (worn)
Jewellery
 i - a ring of resist corrosion (left hand)
 p - an amulet of magic regeneration (around neck)
 y - an uncursed ring of ice
 z - an uncursed ring of protection from cold
 H - an uncursed ring of protection from cold
 J - a ring of stealth (right hand)
 K - an uncursed amulet of harm
Wands
 d - a wand of lightning (12/15)
 f - a wand of polymorph (9/24)
 B - a wand of teleportation (7/9)
 C - a wand of flame (15/48)
 O - a wand of iceblast (6/15)
 P - a wand of paralysis (17/24)
 Q - a wand of random effects (26/48)
Scrolls
 e - 4 scrolls of magic mapping
 g - 2 scrolls of blinking
 k - 7 scrolls of remove curse
 x - 6 scrolls of teleportation
 A - 4 scrolls of recharging
 F - a scroll of summoning {unknown}
 R - a scroll of torment {unknown}
Potions
 a - 2 potions of brilliance
 h - a potion of agility
 j - 3 potions of lignification
 l - 4 potions of magic
 m - a potion of resistance
 n - 5 potions of haste
 r - 3 potions of curing
 G - 3 potions of heal wounds {unknown}
 I - 2 potions of mutation
 L - a potion of cure mutation {unknown}
 M - a potion of invisibility {unknown}
 S - a potion of flight {unknown}
Books
 v - a book of Misfortune

   Spells                             Type                      Level
   a - Confusing Touch                Hexes                        1
   b - Confuse                        Hexes                        3
   c - Gell's Gravitas                Hexes/Translocation          3
   d - Petrify                        Transmutation/Earth          4
   e - Metabolic Englaciation         Hexes/Ice                    5
   f - Yara's Violent Unravelling     Hexes/Transmutation          5
 N - a book of Beasts

   Spells                             Type                      Level
   a - Summon Butterflies             Summoning                    1
   b - Call Canine Familiar           Summoning                    3
   c - Summon Ice Beast               Ice/Summoning                4
   d - Summon Mana Viper              Hexes/Summoning              5
   e - Summon Hydra                   Summoning                    7
Comestibles
 o - 4 fruits


   Skills:
 + Level 8.9 Fighting
 + Level 12.8 Maces & Flails
 + Level 9.3 Armour
 + Level 5.9 Dodging
 - Level 0.2 Stealth
 + Level 11.4 Shields


You had 11 spell levels left.
You didn't know any spells.

Dungeon Overview and Level Annotations

Branches:
Dungeon (12/15)            Temple (1/1) D:4            Lair (0/6) D:10
    Orc (0/2) D:10

Altars:
Ashenzari
Cheibriados
Dithmenos
Elyvilon
Fedhas
Gozag
Hepliaklqana
Kikubaaqudgha
Makhleb
Nemelex Xobeh
Okawaru
Qazlal
Ru
Sif Muna
Trog
Uskayaw
Vehumet
Xom
Yredelemnul
Zin
The Shining One

Shops:
D:7 =   D:11 [

Annotations:
D:11 Snorg


Innate Abilities, Weirdness & Mutations

You are resistant to torment.
Your stone body is resilient. (AC +8)
You are immune to poison.
You resist negative energy. (rN+)
You are resistant to electric shocks. (rElec)
You can survive without breathing.
You are immune to petrification.
You are immune to rotting.


Message History

You sock the very large slime creature!
The very large slime creature is severely wounded.
You block the very large slime creature's attack.
The slime creature hits you.
Your scale mail prevents you from hitting the very large slime creature.
The very large slime creature is severely wounded.
The very large slime creature hits you!!!
* * * LOW HITPOINT WARNING * * *
You block the slime creature's attack.
You hit the very large slime creature.
There is a sudden explosion of sparks!
The very large slime creature is severely wounded.
You block the very large slime creature's attack.
You thump the very large slime creature!
The very large slime creature is severely wounded.
You block the slime creature's attack.
You sock the very large slime creature!
The very large slime creature is almost dead.
The very large slime creature hits you!!!
Ouch! That really hurt!
You die...

....................#
.#################.##
....# ..#..# .##.#
#.#.## .##.# #.#.#
.##.# #.#.# .##.#
#.#.# ....# #J#.#
############## #@#.#
.............# #J#.#
.........>##[#.#.#.##
.#....######.#......#
.#..#.# #.###)####
.#..#.# #.# #.#
....#.# #.# #.#
.#..#.# #.# #.#
....#.# #.# #.#


You could see a very large slime creature and a slime creature.

Vanquished Creatures
  2 hydras (D:11)
  Harold (D:12)
  The ghost of lorenzova the Covert, a novice SpMo of Ashenzari (D:10)
  An unseen horror (D:11)
  4 hill giants
  Pikel (D:9)
  2 ugly things
  A cyclops (D:11)
  Joseph (D:10)
  The ghost of grisgris the Thaumaturge, a novice DESu of Hepliaklqana (D:8)
  A kobold demonologist (D:12)
  3 trolls
  3 hornets
  3 two-headed ogres
  A slime creature (D:12)
  Prince Ribbit (D:5)
  2 hippogriffs (D:11)
  Sigmund (D:5)
  2 wyverns
  14 yaks
  4 hungry ghosts
  A vampire (D:9)
  A mottled dragon (D:11)
  Menkaure (D:5)
  A vampire mosquito (D:10)
  Edmund (D:5)
  4 phantoms
  2 sky beasts
  A necrophage (D:8)
  4 ice beasts
  5 ogres
  8 centaurs
  3 big kobolds
  7 bullfrogs
  A water moccasin zombie (D:11)
  A wyvern skeleton (D:6)
  A troll zombie (D:10)
  16 killer bees
  10 scorpions
  3 wights (D:6)
  10 howler monkeys
  6 centaur zombies
  3 human zombies (Ossuary)
  4 crimson imps
  11 hounds
  A jelly (D:5)
  7 bullfrog skeletons
  A centaur skeleton (D:10)
  7 orc priests
  6 iguanas
  Terence (D:3)
  9 orc wizards
  8 worker ants
  2 big kobold zombies (Ossuary)
  7 ogre zombies (D:10)
  A hound zombie (D:7)
  3 mummies (Ossuary)
  Robin (D:2)
  4 gnolls (D:6)
  11 adders
  6 scorpion zombies (Ossuary)
  4 shadow imps
  An ooze (D:1)
  An adder zombie (D:9)
  4 worms
  A dart slug (D:3)
  5 leopard geckos
  42 orcs
  5 giant cockroaches
  6 gnoll zombies (Ossuary)
  13 goblins
  11 hobgoblins
  21 jackals
  2 quokkas
  2 ball pythons
  7 bats
  9 frilled lizards
  2 goblin skeletons (D:10)
  4 goblin zombies (D:10)
  3 hobgoblin zombies
  22 kobolds
  A kobold zombie (Ossuary)
  4 orc skeletons (D:10)
  14 orc zombies
  6 rats
  A fungus (D:5)
421 creatures vanquished.

Vanquished Creatures (collateral kills)
  A quokka (D:12)
1 creature vanquished.

Vanquished Creatures (others)
  3 slaves (D:9)
  An ogre (D:9)
  A crimson imp (D:9)
  14 fungi (D:5)
19 creatures vanquished.

Grand Total: 441 creatures vanquished

Notes
Turn   | Place    | Note
-------+----------+-------------------------------------------
     0 | D:1      | poirepourri the Gargoyle Fighter began the quest for the Orb.
     0 | D:1      | Reached XP level 1. HP: 14/14 MP: 1/1
   112 | D:1      | Reached XP level 2. HP: 19/19 MP: 2/2
   503 | D:1      | Reached XP level 3. HP: 19/23 MP: 3/3
  1138 | D:2      | Reached XP level 4. HP: 20/28 MP: 4/4
  1586 | D:2      | Noticed Robin
  1594 | D:2      | Killed Robin
  1777 | D:2      | Reached skill level 3 in Maces & Flails
  1939 | D:3      | Reached XP level 5. HP: 32/32 MP: 5/5
  1974 | D:3      | Reached skill level 1 in Dodging
  2290 | D:3      | Noticed Terence
  2314 | D:3      | Reached skill level 5 in Shields
  2314 | D:3      | Reached XP level 6. HP: 35/38 MP: 6/6
  2327 | D:3      | Killed Terence
  2327 | D:3      | Reached skill level 4 in Maces & Flails
  2778 | D:4      | Found a glowing silver altar of Zin.
  2978 | D:4      | Found a staircase to the Ecumenical Temple.
  3000 | Temple   | Entered the Ecumenical Temple
  3190 | Temple   | Became a worshipper of Makhleb the Destroyer
  3465 | D:4      | Reached XP level 7. HP: 32/43 MP: 7/7
  3635 | D:4      | Reached skill level 5 in Maces & Flails
  4143 | D:4      | Reached skill level 5 in Armour
  4143 | D:4      | Reached XP level 8. HP: 30/48 MP: 8/8
  4421 | D:5      | Entered Level 5 of the Dungeon
  4424 | D:5      | Noticed Edmund
  4442 | D:5      | Killed Edmund
  4442 | D:5      | Reached * piety under Makhleb
  4442 | D:5      | Reached skill level 6 in Maces & Flails
  5027 | D:5      | Noticed Menkaure
  5033 | D:5      | Killed Menkaure
  5362 | D:5      | Noticed Prince Ribbit
  5394 | D:5      | Killed Prince Ribbit
  5394 | D:5      | Reached skill level 7 in Maces & Flails
  5676 | D:5      | Reached skill level 5 in Fighting
  5676 | D:5      | Reached XP level 9. HP: 54/54 MP: 9/9
  6033 | D:5      | Noticed Sigmund
  6043 | D:5      | Killed Sigmund
  6196 | D:5      | Reached skill level 8 in Maces & Flails
  6452 | D:6      | Noticed a troll
  6469 | D:6      | Killed a troll
  6469 | D:6      | Reached skill level 9 in Maces & Flails
  6834 | D:6      | Found a shadowy altar of Dithmenos.
  7016 | D:6      | Reached ** piety under Makhleb
  7674 | D:6      | Reached XP level 10. HP: 46/60 MP: 10/10
  7935 | D:7      | Found a burning altar of Makhleb.
  7975 | D:7      | Found Zegol's Jewellery Emporium.
  7978 | D:7      | Bought an uncursed ring of protection from cold for 350 gold pieces
  8467 | D:8      | Noticed grisgris's ghost (novice DESu)
  8491 | D:8      | Killed grisgris's ghost
  8491 | D:8      | Reached skill level 10 in Maces & Flails
  8884 | D:8      | Found a sand-covered staircase.
  8889 | Ossuary  | Entered an ossuary
  9029 | Ossuary  | Reached *** piety under Makhleb
 10019 | D:9      | Reached **** piety under Makhleb
 10109 | D:9      | Found a deep blue altar of Sif Muna.
 10122 | D:9      | Noticed Pikel
 10136 | D:9      | Killed Pikel
 10204 | D:9      | Reached XP level 11. HP: 66/66 MP: 11/11
 10584 | D:9      | Found a blossoming altar of Fedhas.
 10908 | D:10     | Entered Level 10 of the Dungeon
 10915 | D:10     | Noticed Joseph
 10940 | D:10     | Killed Joseph
 11248 | D:10     | Reached skill level 5 in Dodging
 11355 | D:10     | Found a staircase to the Lair.
 11373 | D:10     | Found a staircase to the Orcish Mines.
 11425 | D:10     | Reached skill level 11 in Maces & Flails
 11446 | D:10     | Reached ***** piety under Makhleb
 11496 | D:10     | Noticed lorenzova's ghost (novice SpMo)
 11519 | D:10     | Killed lorenzova's ghost
 11675 | D:10     | Noticed a hill giant
 11683 | D:10     | Killed a hill giant
 12704 | D:11     | Identified a scroll of acquirement
 12979 | D:11     | Noticed a red ugly thing
 12986 | D:11     | Reached skill level 10 in Shields
 12994 | D:11     | Killed a red ugly thing
 13112 | D:11     | Noticed Snorg
 13820 | D:11     | Noticed a hill giant
 13830 | D:11     | Killed a hill giant
 13830 | D:11     | Reached XP level 12. HP: 50/73 MP: 12/12
 13862 | D:11     | Noticed a six-headed hydra
 13872 | D:11     | Killed a six-headed hydra
 13872 | D:11     | Reached skill level 12 in Maces & Flails
 14865 | D:11     | Noticed a four-headed hydra
 14876 | D:11     | Killed a four-headed hydra
 15019 | D:11     | Found Kejom's Armour Shop.
 15043 | D:11     | Bought a +0 cloak for 49 gold pieces
 15872 | D:12     | Found a shattered altar of Ashenzari.
 16012 | D:12     | Noticed Harold
 16033 | D:12     | Killed Harold
 16491 | D:12     | Annihilated by a very large slime creature

Skill      XL: |  1  2  3  4  5  6  7  8  9 10 11 12 |
---------------+-------------------------------------+-----
Shields        | 4 5 6 7 9 10 11 | 11.4
Maces & Flails | 3 4 5 7 9 10 11 12 | 12.8
Dodging        | 1 2 3 4 5 |  5.9
Armour         | 4 5 6 7 8 9 |  9.3
Fighting       | 4 5 6 7 8 |  8.9
Stealth        | |  0.2

Action                   |  1- 3 |  4- 6 |  7- 9 | 10-12 || total
-------------------------+-------+-------+-------+-------++-------
Melee: Flail             |   155 |   100 |       |       ||   255
       Mace              |       |   135 |   338 |   874 ||  1347
Invok: Lesser Servant of |       |       |       |     2 ||     2
Evoke: Wand              |       |       |     2 |       ||     2
  Use: Potion            |     1 |     1 |     1 |     4 ||     7
       Scroll            |       |     9 |     7 |    20 ||    36
  Eat: Bread ration      |     1 |     1 |       |     3 ||     5
       Beef jerky        |       |       |     6 |     2 ||     8
       Meat ration       |       |       |     1 |     2 ||     3
       Fruit             |       |       |       |     3 ||     3
       Royal jelly       |       |       |       |     1 ||     1
       Pizza             |       |       |       |     1 ||     1
Armor: Scale mail        |   146 |   116 |   127 |   398 ||   787
Dodge: Dodged            |    77 |    84 |    94 |   328 ||   583
Block: Shield            |   160 |   136 |   185 |   563 ||  1044
